 Dungeon Crawl Stone Soup version 0.29-a0-322-g68df515428 (webtiles) character file.

Game seed: 12024185126966344536

26 calli0pe the Slasher (level 3, -1/29 HPs)
             Began as a Human Berserker on Apr 7, 2022.
             Was a Follower of Trog.
             Slain by an adder (3 damage)
             ... on level 2 of the Dungeon.
             The game lasted 00:05:37 (1231 turns).

calli0pe the Slasher (Human Berserker)              Turns: 1231, Time: 00:05:38

Health: -1/29      AC:  2    Str: 19    XL:     3   Next: 22%
Magic:  3/3        EV: 12    Int:  7    God:    Trog [*.....]
Gold:   54         SH:  0    Dex: 12    Spells: 2/2 levels left

rFire   . . .      SeeInvis .   j - +0 trident
rCold   . . .      Faith    .   (no shield)
rNeg    . . .      Spirit   .   d - +0 robe
rPois   .          Reflect  .   (no helmet)
rElec   .          Harm     .   (no cloak)
rCorr   .          Rampage  .   (no gloves)
Will    .....                   (no boots)
Stlth   +.........              (no amulet)
HPRegen 0.09/turn               (no ring)
MPRegen 0.08/turn               (no ring)

@: no status effects
A: no striking features
a: Renounce Religion, Berserk


You were on level 2 of the Dungeon.
You worshipped Trog.
Trog was aware of your devotion.
You visited 1 branch of the dungeon, and saw 2 of its levels.

You collected 54 gold pieces.

Inventory:

Hand Weapons
 a - a +0 falchion
 f - a +0 whip
 i - a +0 club
 j - a +0 trident (weapon)
 k - a +0 dagger
 l - a +0 dagger
 m - a +0 short sword
Missiles
 g - 24 stones (quivered)
Armour
 b - a +0 animal skin
 d - a +0 robe (worn)
Scrolls
 c - a scroll of identify {unknown}
 e - a scroll of teleportation {unknown}
Potions
 h - 2 potions of heal wounds {unknown}
 n - a potion of curing {unknown}


   Skills:
 + Level 3.4 Fighting
 + Level 3.5 Long Blades
 + Level 2.0 Armour
 + Level 2.2 Dodging
 + Level 0.2 Stealth


You had 2 spell levels left.
You didn't know any spells.
Your spell library was empty.

Dungeon Overview and Level Annotations

Branches:
Dungeon (2/15)

Altars:


Message History

* * * LOW HITPOINT WARNING * * *
You barely miss the quokka.
The quokka is heavily wounded.
The quokka bites you.
* * * LOW HITPOINT WARNING * * *
The quokka barely misses you.
You puncture the quokka!
You kill the quokka!
Trog accepts your kill.
You see here a quokka corpse.
You see here a quokka corpse.
g - 24 stones (gained 4)
Things that are here:
a +0 short sword; a kobold corpse
m - a +0 short sword
Found 11 gold pieces.
Found 9 gold pieces.
You now have 43 gold pieces (gained 19).
There are no items here.
n - a red potion
There are no items here.
An adder comes into view.
The adder hisses angrily.
A ball python comes into view.
The ball python hisses angrily.
You see here 11 gold pieces.
The adder bites you but does no damage.
You see here 11 gold pieces.
You now have 54 gold pieces (gained 11).
The adder barely misses you. The adder bites you but does no damage.
The ball python bites you but does no damage.
The ball python barely misses you. The adder bites you.
* * * LOW HITPOINT WARNING * * *
The ball python bites you.
* * * LOW HITPOINT WARNING * * *
The ball python barely misses you. The adder bites you.
* * * LOW HITPOINT WARNING * * *
The adder attacks as you move away! The adder bites you.
You die...

♣..P♣♣♣P.P♣♣♣...##.#......
....PP.P..PP..P.......#.###
. ...............##.#......
..P..P........###.#......
..P♣♣♣P..♣♣♣..# #.#......
♣..P ♣..P♣ ♣P.# #.#......
♣...♣♣♣..P♣♣♣..# #......
...PP...S.P.P..# #......
........S@.....# #......
PP..PP....$P..... #######
♣..P♣♣♣..P♣♣♣..## ♣..P
♣..P♣ ..# ♣P. ♣...♣ ..# ..


PP... # ....... ...P.P. You could see an adder and a ball python.

Vanquished Creatures
  2 dart slugs (D:1)
  A ball python (D:1)
  2 giant cockroaches (D:1)
  A goblin (D:1)
  2 hobgoblins (D:1)
  2 kobolds
  2 quokkas
  3 bats (D:1)
  5 frilled lizards
  3 rats (D:1)
23 creatures vanquished.

Vanquished Creatures (others)
  5 plants
5 creatures vanquished.

Grand Total: 28 creatures vanquished

Notes
Turn   | Place    | Note
-------+----------+-------------------------------------------
     0 | D:1      | calli0pe the Human Berserker began the quest for the Orb.
     0 | D:1      | Reached XP level 1. HP: 18/18 MP: 1/1
   329 | D:1      | Reached XP level 2. HP: 24/24 MP: 2/2
   784 | D:1      | Reached XP level 3. HP: 2/29 MP: 3/3
  1231 | D:2      | Slain by an adder

Illustrated notes

Levels and vault maps discovered:
D:1:      giann_bridges, layout_basic
D:2:      minmay_chambers_of_twos, layout_loops_cross,
          shapermc_ecumenical_altar_gd, kennysheep_boxes

Action                   || total
-------------------------++-------
Melee: Falchion          ||    83
       Punch             ||     1
       Trident           ||    18
Armor: Animal skin       ||    55
       Robe              ||    10
Dodge: Dodged            ||   149

Table legend: (Time is in decaauts)
 A = Elapsed time spent in this place.
 B = Non-inter-level travel time spent in this place.
 C = Inter-level travel time spent in this place.
 D = Time resting spent in this place.
 E = Time spent auto-exploring this place.
 F = Levels seen in this place.
 G = Mean time per level.
                   A        B        C        D        E       F      G
               +--------+--------+--------+--------+--------+-----+--------+
         Total |   1256 |   1256 |      0 |      0 |      0 |   2 |  628.0 |
       Dungeon |   1256 |   1256 |      0 |      0 |      0 |   2 |  628.0 |
               +--------+--------+--------+--------+--------+-----+--------+

Top non-repeatable levels by time:
     D:1: 1149 daAuts
     D:2: 107 daAuts
